 Dungeon Crawl Stone Soup version 0.31.0-11-ge490571c62 (webtiles) character file.

Game seed: 8695694716022123119

26 qw the Shooter (level 2, -1/16 HPs)
             Began as a Deep Elf Hunter on Feb 4, 2024.
             Slain by an orc
             ... wielding a +0 whip
              (5 damage)
             ... on level 2 of the Dungeon.
             The game lasted 00:00:02 (940 turns).

qw the Shooter (Deep Elf Hunter)                     Turns: 940, Time: 00:00:03

Health: -1/16      AC:  3    Str:  8    XL:     2   Next: 89%
Magic:  4/4        EV: 12    Int: 13    God:
Gold:   32         SH:  0    Dex: 18    Spells: 1/1 levels left

rFire   . . .        a - +0 shortbow
rCold   . . .        (shield currently unavailable)
rNeg    . . .        c - +0 leather armour
rPois   .            (no helmet)
rElec   .            (no cloak)
rCorr   .            (no gloves)
SInv    .            (no boots)
Will    .....        (no amulet)
Stlth   ++           (no ring)
HPRegen 0.22/turn    (no ring)
MPRegen 0.09/turn

%: no passive effects
@: no status effects
A: no striking features
a: no special abilities


You were on level 2 of the Dungeon.
You visited 1 branch of the dungeon, and saw 2 of its levels.

You collected 32 gold pieces.


   Skills:
 - Level 1.5 Fighting
 + Level 6.6 Ranged Weapons
 - Level 2.4 Dodging
 - Level 1.2 Stealth


You had one spell level left.
You didn't know any spells.
Your spell library was empty.

Inventory:

Hand Weapons
 a - a +0 shortbow (weapon)
Armour
 c - a +0 leather armour (worn)
Scrolls
 f - a scroll of teleportation

Dungeon Overview and Level Annotations

Branches:
Dungeon (2/15)

Altars:

Shops:
D:1 [


Message History

An orc comes into view. It is wielding a +0 whip.
923 ||| FLEEEEING.
You start resting.
HP restored.
An orc comes into view. It is wielding a +0 hand axe.
You shoot an arrow. The arrow hits the orc.
The orc is lightly wounded.
An orc comes into view. It is wielding a +0 whip.
An orc comes into view. It is wielding a +0 falchion.
An orc comes into view. It is wielding a +0 dagger.
You shoot an arrow. The arrow barely misses the orc.
The orc shouts! x3
The arrow hits the orc.
The orc is moderately wounded.
A rat comes into view.
You shoot an arrow. The arrow hits the orc.
The orc is almost dead.
You shoot an arrow. The arrow closely misses the orc.
You shoot an arrow. The arrow hits the orc.
You kill the orc!
The orc closely misses you.
You shoot an arrow. The arrow barely misses the orc.
The orc shouts!
The orc hits you but does no damage. x2
You shoot an arrow. The arrow closely misses the orc.
The arrow hits the rat.
You kill the rat!
The orc hits you but does no damage. The orc barely misses you.
The orc hits you with a +0 dagger.
You shoot an arrow. The arrow hits the orc.
You kill the orc!
The orc barely misses you. The orc hits you with a +0 falchion.
You shoot an arrow. The arrow barely misses the orc.
The orc closely misses you. The orc barely misses you.
You shoot an arrow. The arrow hits the orc.
The orc is heavily wounded.
The orc hits you with a +0 falchion.
You shoot an arrow. The arrow hits the orc.
You kill the orc!
The orc barely misses you. The orc hits you with a +0 whip. x3
You die...

#.# #.# #.# #.#
#.# #.# #.# #.#
# #.# #.# .. #.#
#.# #... #.#
#.#####.....
#.###....)......
#.......@)..#.
########oo..#
...).....
##........
####.###. .# #


You could see 2 orcs.

Vanquished Creatures
  A dart slug (D:1)
  3 orcs (D:2)
  4 endoplasms (D:1)
  2 giant cockroaches
  2 goblins (D:1)
  A hobgoblin (D:1)
  4 bats (D:1)
  A frilled lizard (D:2)
  A kobold (D:1)
  3 rats
22 creatures vanquished.

Notes
Turn   | Place    | Note
-------+----------+-------------------------------------------
     0 | D:1      | qw the Deep Elf Hunter began the quest for the Orb.
     0 | D:1      | Reached XP level 1. HP: 12/12 MP: 3/3
     0 | D:1      | 0 ||| qw: Version: 0.3-a-160-g6735b56
     0 | D:1      | 0 ||| qw: Game counter: 5649
     0 | D:1      | 0 ||| qw: Melee chars always use a shield: true
     0 | D:1      | 0 ||| qw: God list: Okawaru
     0 | D:1      | 0 ||| qw: Allow faded altars: false
     0 | D:1      | 0 ||| qw: Do Orc after clearing Dungeon:15 true
     0 | D:1      | 0 ||| qw: Do second Lair branch before Depths: true
     0 | D:1      | 0 ||| qw: Lair rune preference: random
     0 | D:1      | 0 ||| qw: Goals: Normal
     0 | D:1      | 0 ||| PLANNING D:1-11
   224 | D:1      | Reached XP level 2. HP: 16/16 MP: 4/4
   232 | D:1      | Reached skill level 6 in Ranged Weapons
   326 | D:1      | Found Gyfeod's Antique Armour Boutique.
   333 | D:1      | 333 ||| SHOPLISTING pair of boots (108 gold, have 21).
   333 | D:1      | 333 ||| SHOPLISTING ring mail (96 gold, have 21).
   333 | D:1      | 333 ||| SHOPLISTING scale mail (96 gold, have 21).
   708 | D:1      | 708 ||| READING scroll labelled IKHLYI JISA.
   709 | D:1      | 709 ||| READING 2 scrolls labelled NUEKKOG COYHUU.
   713 | D:1      | 713 ||| READING scroll labelled RYFFOR XUQEBOF.
   714 | D:1      | 714 ||| READING scroll labelled SUSKUUNKIK.
   743 | D:1      | 743 ||| READING scroll labelled WUZIGU XUIK.
   743 | D:1      | 743 ||| IDENTIFYING murky black potion
   744 | D:1      | 744 ||| READING scroll labelled DAICIM PAKO.
   845 | D:1      | 845 ||| READING scroll labelled UTZU HOFADIK.
   846 | D:1      | 846 ||| DROPPING scroll of butterflies.
   847 | D:1      | 847 ||| DROPPING potion of ambrosia.
   923 | D:2      | 923 ||| FLEEEEING.
   940 | D:2      | HP: 4/16 [orc/+0 whip (2)]
   940 | D:2      | Slain by an orc

Levels and vault maps discovered:
D:1:      lemuel_arrival_broad_hall, layout_basic, serial_shops, shop
D:2:      layout_basic, basic_altar, uniq_natasha

Skill      XL: |  1  2 |
---------------+-------+-----
Ranged Weapons | 6 |  6.6
Fighting       | |  1.5
Dodging        | |  2.4
Stealth        | |  1.2

Action                     || total
---------------------------++-------
   Fire: Shortbow          ||    56
    Use: Scroll            ||     7
 Armour: Leather armour    ||    16
  Dodge: Dodged            ||    15

Table legend:
 A = Non-vault XP
 B = Vault XP
 C = Vault XP percentage of total XP
 D = Non-vault monster count
 E = Vault monster count
 F = Vault count percentage of total count
                 A         B        C        D         E       F
            +---------+---------+-------+---------+---------+-------
      Total |      41 |       0 |   0.0 |      22 |       0 |   0.0
            +---------+---------+-------+---------+---------+-------
        D:1 |      28 |       0 |   0.0 |      16 |       0 |   0.0
        D:2 |      13 |       0 |   0.0 |       6 |       0 |   0.0
            +---------+---------+-------+---------+---------+-------
